 Dungeon Crawl Stone Soup version 0.29-a0-887-gcbe080d7e0 (webtiles) character file.

Game seed: 9206143896135971909

3257 sanka the Destroyer (level 10, -3/74 HPs)
             Began as a Gnoll Conjurer on July 21, 2022.
             Was an Initiate of Ashenzari.
             Slain by a tengu warrior
             ... wielding a +0 great sword
              (4 damage)
             ... on level 8 of the Dungeon.
             The game lasted 00:14:12 (9892 turns).

sanka the Destroyer (Gnoll Conjurer)                Turns: 9892, Time: 00:14:12

Health: -3/74      AC: 16    Str:  7    XL:     10   Next: 0%
Magic:  0/20       EV: 12    Int: 21    God:    Ashenzari [......]
Gold:   335        SH:  0    Dex: 13    Spells: 16/23 levels left

rFire   . . .      SeeInvis .   a - +4 war axe (elec)
rCold   + . .      Faith    .   (no shield)
rNeg    . . .      Spirit   +   x - +4 ring mail "Naig" {Regen+ Dex+2}
rPois   .          Reflect  .   y - +0 helmet
rElec   .          Harm     .   p - +0 cloak
rCorr   .          Rampage  .   O - +1 pair of gloves
Will    +....                   J - +0 pair of boots
Stlth   +++.......              j - amulet of guardian spirit
HPRegen 1.02/turn               Q - ring of protection from cold
MPRegen 0.17/turn               K - ring of willpower

@: no status effects
A: fangs 1, strong nose, distributed training
a: Renounce Religion


You were on level 8 of the Dungeon.
You worshipped Ashenzari.
Ashenzari was noncommittal.
You visited 2 branches of the dungeon, and saw 9 of its levels.

You collected 429 gold pieces.
You spent 94 gold pieces at shops.


Innate Abilities, Weirdness & Mutations

You have very sharp teeth.
Your uncanny sense of smell can sniff out nearby items.
Your experience applies equally to all skills.


   Skills:
 + Level 5.0 Fighting
 + Level 5.0 Short Blades
 + Level 5.0 Long Blades
 + Level 5.0 Axes
 + Level 5.0 Maces & Flails
 + Level 5.0 Polearms
 + Level 5.0 Staves
 + Level 5.0 Ranged Weapons
 + Level 5.0 Throwing
 + Level 5.0 Armour
 + Level 6.8 Dodging
 + Level 6.5 Stealth
 + Level 5.0 Shields
 + Level 5.0 Unarmed Combat
 + Level 7.1 Spellcasting
 + Level 8.3 Conjurations
 + Level 4.1 Hexes
 + Level 4.1 Summonings
 + Level 4.1 Necromancy
 + Level 4.1 Translocations
 + Level 4.1 Transmutations
 + Level 4.1 Fire Magic
 + Level 4.1 Ice Magic
 + Level 4.1 Air Magic
 + Level 4.1 Earth Magic
 + Level 4.1 Poison Magic
 + Level 5.4 Invocations
 + Level 5.0 Evocations


You had 16 spell levels left.
You knew the following spells:

 Your Spells              Type           Power      Damage    Failure   Level
x - Searing Ray           Conj           84%        2d7       1%          2
z - Magic Dart            Conj           100%       1d8       1%          1
Z - Fulminant Prism       Conj/Hex       16%        3d11      21%         4

Your spell library contained the following spells:

 Spells                   Type           Power      Damage    Failure   Level
 Shock                    Conj/Air       100%       1d9       1%          1
 Necrotise                Necr           96%        1d8       4%          1
 Dazzling Flash           Conj/Hex       66%        N/A       6%          3
 Swiftness                Air            24%        N/A       16%         3
 Vampiric Draining        Necr           24%        2d7       16%         3
 Iskenderun's Mystic Bla  Conj/Tloc      33%        2d8       21%         4
 Airstrike                Air            12%        0-5+      45%         4
 Passage of Golubria      Tloc           24%        N/A       45%         4
 Agony                    Necr           24%        N/A       80%         5
 Silence                  Hex/Air        12%        N/A       80%         5
 Lehudib's Crystal Spear  Conj/Erth      16%        10d5      100%        8

Inventory:

Hand Weapons
 a - a +4 war axe of electrocution (weapon)
 b - a +1 dagger of venom
 B - the +2 long sword "Suiqeg" {vorpal, rC+++ rCorr Dex-3 Stlth+}

   It inflicts extra damage upon your enemies.
   Dex:       It affects your dexterity (-3).
   rC:        It renders you almost immune to cold.
   rCorr:     It protects you from acid and corrosion.
   Stlth:     It makes you more stealthy.
Missiles
 h - 5 javelins
 k - 2 throwing nets {=f}
 E - 28 poisoned darts
Armour
 n - a +0 robe
 p - a +0 cloak (worn)
 x - the +4 ring mail "Naig" (worn) {Regen+ Dex+2}

   Dex:       It affects your dexterity (+2).
   Regen:     It increases your rate of health regeneration.
 y - a +0 helmet (worn)
 J - a +0 pair of boots (worn)
 O - a +1 pair of gloves (worn)
Magical Staves
 G - a staff of air
 I - a staff of earth
Jewellery
 j - an amulet of guardian spirit (around neck)
 K - a ring of willpower (right hand)
 L - an amulet of magic regeneration
 Q - a ring of protection from cold (left hand)
Wands
 f - a wand of charming (12)
 D - a wand of digging (3)
 P - a wand of polymorph (11)
Scrolls
 d - 10 scrolls of identify {unknown}
 i - 2 scrolls of enchant weapon {unknown}
 l - a scroll of magic mapping {unknown}
 m - a scroll of torment {unknown}
 q - 2 scrolls of teleportation {unknown}
 v - 2 scrolls of noise {unknown}
 F - a scroll of fog {unknown}
 H - 2 scrolls of vulnerability {unknown}
 M - a scroll of immolation {unknown}
 N - a scroll of poison {unknown}
Potions
 c - a potion of resistance {unknown}
 e - 2 potions of cancellation {unknown}
 g - a potion of ambrosia {unknown}
 o - a potion of magic
 r - 4 potions of might {unknown}
 s - 3 potions of flight {unknown}
 t - 3 potions of degeneration {unknown}
 u - 6 potions of curing {@q1}
 w - 3 potions of brilliance {unknown}
 z - 3 potions of invisibility {unknown}
 A - 2 potions of haste {unknown}
 C - 2 potions of lignification {unknown}

Dungeon Overview and Level Annotations

Branches:
Dungeon (8/15)             Temple (1/1) D:7
   Lair: D:8-11

Altars:
Ashenzari
Cheibriados
Dithmenos
Elyvilon
Fedhas
Gozag
Hepliaklqana
Kikubaaqudgha
Okawaru
Ru
Sif Muna
Trog
Vehumet
Wu Jian
Xom
Zin
The Shining One

Shops:
D:6

* ▒.....▒ ▒..▒▒▒
▒.....▒ ▒..▒..
▒▒▒▒▒▒▒ ▒.(▒.▒▒▒ ▒
▒..▒.▒..
▒▒▒▒▒▒▒▒▒▒..▒.▒.▒▒▒▒
............▒.▒.▒..
▒▒▒▒▒▒▒▒▒...▒.▒.▒.▒
▒...▒.▒.▒Q▒∆
▒..▒.▒.▒g▒∆∆∆
▒..▒.▒.▒.▒ ∆
▒..▒.▒.▒£.
▒..▒.▒.▒▒▒▒ ▒..▒.▒..
▒..▒.▒▒▒ ▒..▒.. ▒▒▒


You could see a tengu warrior.


Message History

The tengu warrior hits you but does no damage.
The tengu warrior barely misses you. The tengu warrior barely misses you.
The tengu warrior closely misses you.
The tengu warrior pecks you but does no damage.
The tengu warrior claws you but does no damage.
You closely miss the tengu warrior.
The tengu warrior is severely wounded.
The tengu warrior hits you with a +0 great sword!
* * * LOW HITPOINT WARNING * * *
The tengu warrior pecks you but does no damage.
The tengu warrior claws you but does no damage.
Unknown command.
You barely miss the tengu warrior. Your bite misses the tengu warrior.
The tengu warrior is severely wounded.
The tengu warrior hits you with a +0 great sword!
* * * LOW HITPOINT WARNING * * *
The tengu warrior pecks you but does no damage.
The tengu warrior claws you but does no damage.
You miss the tengu warrior.
The tengu warrior is severely wounded.
The tengu warrior hits you with a +0 great sword!
* * * LOW HITPOINT WARNING * * *
The tengu warrior barely misses you.
The tengu warrior claws you but does no damage.
Unknown command.
The tengu warrior attacks as you move away!
The tengu warrior hits you with a +0 great sword.
You die...

Action                   |  1- 3 |  4- 6 |  7- 9 | 10-12 || total
-------------------------+-------+-------+-------+-------++-------
Melee: War axe           |       |    41 |   104 |     8 ||   153
       Bite              |       |     3 |    11 |     1 ||    15
       Punch             |       |     1 |     4 |       ||     5
 Cast: Magic Dart        |    75 |    60 |   184 |       ||   319
       Fulminant Prism   |       |     2 |       |       ||     2
       Searing Ray       |       |     1 |    21 |     2 ||    24
 Stab: Sleeping          |       |       |     1 |       ||     1
Armor: Robe              |       |     5 |       |       ||     5
       Ring mail         |       |       |    63 |    24 ||    87
Dodge: Dodged            |     1 |    28 |    62 |    12 ||   103

Levels and vault maps discovered:
D:1:      tarquinn_simple_flora_water_e, layout_rooms,
          hellmonk_ecumenical_altar_lost_god, minmay_misc_feat_doors,
          st_stairs_14, chequers_serial_rivers_micro_b, minivault_23
D:2:      cheibrodos_helix_gallery, layout_basic, kennysheep_generic_room_3
D:3:      layout_loops_ring, nicolae_wu_jian_wuxing_cycle,
          minmay_misc_feat_roman, uniq_grinder, uniq_natasha
D:4:      layout_loops_ring, mainiacjoe_overflow_alcove_2, uniq_robin
D:5:      layout_loops_cross, patterned_corridor, uniq_prince_ribbit1
D:6:      layout_loops_ring, serial_shops, nicolae_shop_behind_doors
D:7:      layout_rooms, nicolae_overflow_crystal_walls,
          nicolae_ru_sacrificial_ziggurat, minmay_temple_entry_enclosed_plants
D:8:      minmay_distorted_concentric_squares, layout_basic,
          mainiacjoe_overflow_alcove_3, dpeg_lair_monsters,
          hangedman_decor_clover_reticule, uniq_joseph, uniq_pikel
Temple:   nicolae_temple_figure_eight

Notes
Turn   | Place    | Note
-------+----------+-------------------------------------------
     0 | D:1      | sanka the Gnoll Conjurer began the quest for the Orb.
     0 | D:1      | Reached XP level 1. HP: 13/13 MP: 6/6
    22 | D:1      | Found a faded altar of an unknown god.
   332 | D:1      | Reached XP level 2. HP: 19/19 MP: 4/7
   363 | D:1      | Learned a level 2 spell: Searing Ray
   959 | D:2      | Reached skill level 5 in Spellcasting
   959 | D:2      | Reached XP level 3. HP: 25/25 MP: 3/9
  1198 | D:2      | Reached skill level 1 in Invocations
  1441 | D:2      | Reached skill level 1 in Fighting
  1441 | D:2      | Reached skill level 1 in Short Blades
  1441 | D:2      | Reached skill level 1 in Long Blades
  1441 | D:2      | Reached skill level 1 in Axes
  1441 | D:2      | Reached skill level 1 in Maces & Flails
  1441 | D:2      | Reached skill level 1 in Polearms
  1441 | D:2      | Reached skill level 1 in Staves
  1441 | D:2      | Reached skill level 1 in Ranged Weapons
  1441 | D:2      | Reached skill level 1 in Throwing
  1441 | D:2      | Reached skill level 1 in Armour
  1441 | D:2      | Reached skill level 1 in Shields
  1441 | D:2      | Reached skill level 1 in Unarmed Combat
  1441 | D:2      | Reached skill level 1 in Evocations
  1659 | D:2      | Reached XP level 4. HP: 32/32 MP: 7/11
  2525 | D:3      | Reached skill level 1 in Hexes
  2525 | D:3      | Reached skill level 1 in Summonings
  2525 | D:3      | Reached skill level 1 in Necromancy
  2525 | D:3      | Reached skill level 1 in Translocations
  2525 | D:3      | Reached skill level 1 in Transmutations
  2525 | D:3      | Reached skill level 1 in Fire Magic
  2525 | D:3      | Reached skill level 1 in Ice Magic
  2525 | D:3      | Reached skill level 1 in Air Magic
  2525 | D:3      | Reached skill level 1 in Earth Magic
  2525 | D:3      | Reached skill level 1 in Poison Magic
  2695 | D:3      | Reached XP level 5. HP: 18/37 MP: 2/12
  2861 | D:3      | Noticed Grinder
  3213 | D:3      | Noticed Natasha
  3217 | D:3      | Killed Natasha
  3371 | D:3      | Found an ornate altar of the Wu Jian Council.
  3372 | D:3      | Noticed Natasha
  3381 | D:3      | Killed Natasha
  3409 | D:3      | Noticed Natasha
  3441 | D:3      | Killed Natasha
  3442 | D:3      | Reached skill level 2 in Invocations
  3644 | D:3      | Learned a level 4 spell: Fulminant Prism
  3684 | D:3      | Paralysed by Grinder for 4 turns
  3691 | D:3      | HP: 3/38 [Grinder/nerve-wracking pain (6)]
  3692 | D:3      | Killed Grinder
  3693 | D:3      | Reached skill level 2 in Fighting
  3693 | D:3      | Reached skill level 2 in Short Blades
  3693 | D:3      | Reached skill level 2 in Long Blades
  3693 | D:3      | Reached skill level 2 in Axes
  3693 | D:3      | Reached skill level 2 in Maces & Flails
  3693 | D:3      | Reached skill level 2 in Polearms
  3693 | D:3      | Reached skill level 2 in Staves
  3693 | D:3      | Reached skill level 2 in Ranged Weapons
  3693 | D:3      | Reached skill level 2 in Throwing
  3693 | D:3      | Reached skill level 2 in Armour
  3693 | D:3      | Reached skill level 5 in Dodging
  3693 | D:3      | Reached skill level 2 in Shields
  3693 | D:3      | Reached skill level 2 in Unarmed Combat
  3693 | D:3      | Reached skill level 2 in Evocations
  3693 | D:3      | Reached XP level 6. HP: 4/44 MP: 0/14
  4256 | D:4      | HP: 4/44 [orc priest/divine providence (9)]
  4258 | D:4      | HP: 1/44 [orc priest/+0 short sword (3)]
  4261 | D:4      | Reached XP level 7. HP: 2/51 MP: 0/15
  4738 | D:4      | Identified the +4 ring mail "Naig" {Regen+ Dex+2}
  4818 | D:4      | Found a blossoming altar of Fedhas.
  4834 | D:4      | Reached skill level 2 in Hexes
  4834 | D:4      | Reached skill level 2 in Summonings
  4834 | D:4      | Reached skill level 2 in Necromancy
  4834 | D:4      | Reached skill level 2 in Translocations
  4834 | D:4      | Reached skill level 2 in Transmutations
  4834 | D:4      | Reached skill level 2 in Fire Magic
  4834 | D:4      | Reached skill level 2 in Ice Magic
  4834 | D:4      | Reached skill level 2 in Air Magic
  4834 | D:4      | Reached skill level 2 in Earth Magic
  4834 | D:4      | Reached skill level 2 in Poison Magic
  5145 | D:4      | Reached skill level 5 in Stealth
  5471 | D:4      | Noticed Robin
  5478 | D:4      | Killed Robin
  5479 | D:4      | Reached skill level 3 in Invocations
  5614 | D:5      | Entered Level 5 of the Dungeon
  5774 | D:5      | Identified the +2 long sword "Suiqeg" {vorpal, rC+++ rCorr
                  | Dex-3 Stlth+}
  5932 | D:5      | Noticed Prince Ribbit
  5937 | D:5      | Killed Prince Ribbit
  5938 | D:5      | Reached skill level 3 in Fighting
  5938 | D:5      | Reached skill level 3 in Short Blades
  5938 | D:5      | Reached skill level 3 in Long Blades
  5938 | D:5      | Reached skill level 3 in Axes
  5938 | D:5      | Reached skill level 3 in Maces & Flails
  5938 | D:5      | Reached skill level 3 in Polearms
  5938 | D:5      | Reached skill level 3 in Staves
  5938 | D:5      | Reached skill level 3 in Ranged Weapons
  5938 | D:5      | Reached skill level 3 in Throwing
  5938 | D:5      | Reached skill level 3 in Armour
  5938 | D:5      | Reached skill level 3 in Shields
  5938 | D:5      | Reached skill level 3 in Unarmed Combat
  5938 | D:5      | Reached skill level 3 in Evocations
  5938 | D:5      | Reached XP level 8. HP: 58/58 MP: 8/16
  6118 | D:5      | Reached skill level 6 in Spellcasting
  7547 | D:6      | Found Xirug's Assorted Antiques.
  7576 | D:6      | Reached skill level 3 in Hexes
  7576 | D:6      | Reached skill level 3 in Summonings
  7576 | D:6      | Reached skill level 3 in Necromancy
  7576 | D:6      | Reached skill level 3 in Translocations
  7576 | D:6      | Reached skill level 3 in Transmutations
  7576 | D:6      | Reached skill level 3 in Fire Magic
  7576 | D:6      | Reached skill level 3 in Ice Magic
  7576 | D:6      | Reached skill level 3 in Air Magic
  7576 | D:6      | Reached skill level 3 in Earth Magic
  7576 | D:6      | Reached skill level 3 in Poison Magic
  7576 | D:6      | Reached skill level 4 in Invocations
  7763 | D:6      | Reached skill level 6 in Dodging
  8068 | D:6      | Bought a pair of boots for 94 gold pieces
  8148 | D:7      | Found a sacrificial altar of Ru.
  8201 | D:7      | Reached XP level 9. HP: 64/65 MP: 7/18
  8312 | D:7      | Reached skill level 4 in Fighting
  8312 | D:7      | Reached skill level 4 in Short Blades
  8312 | D:7      | Reached skill level 4 in Long Blades
  8312 | D:7      | Reached skill level 4 in Axes
  8312 | D:7      | Reached skill level 4 in Maces & Flails
  8312 | D:7      | Reached skill level 4 in Polearms
  8312 | D:7      | Reached skill level 4 in Staves
  8312 | D:7      | Reached skill level 4 in Ranged Weapons
  8312 | D:7      | Reached skill level 4 in Throwing
  8312 | D:7      | Reached skill level 4 in Armour
  8312 | D:7      | Reached skill level 4 in Shields
  8312 | D:7      | Reached skill level 4 in Unarmed Combat
  8312 | D:7      | Reached skill level 4 in Evocations
  8436 | D:7      | Reached skill level 6 in Stealth
  8436 | D:7      | Reached skill level 8 in Conjurations
  9015 | D:7      | Reached skill level 5 in Invocations
  9145 | D:7      | Found a staircase to the Ecumenical Temple.
  9151 | Temple   | Entered the Ecumenical Temple
  9386 | Temple   | Became a worshipper of Ashenzari the Shackled
  9418 | D:7      | Found a radiant altar of Vehumet.
  9739 | D:8      | Reached skill level 7 in Spellcasting
  9792 | D:8      | Noticed a manticore
  9802 | D:8      | Killed a manticore
  9803 | D:8      | Reached skill level 5 in Fighting
  9803 | D:8      | Reached skill level 5 in Short Blades
  9803 | D:8      | Reached skill level 5 in Long Blades
  9803 | D:8      | Reached skill level 5 in Axes
  9803 | D:8      | Reached skill level 5 in Maces & Flails
  9803 | D:8      | Reached skill level 5 in Polearms
  9803 | D:8      | Reached skill level 5 in Staves
  9803 | D:8      | Reached skill level 5 in Ranged Weapons
  9803 | D:8      | Reached skill level 5 in Throwing
  9803 | D:8      | Reached skill level 5 in Armour
  9803 | D:8      | Reached skill level 5 in Shields
  9803 | D:8      | Reached skill level 5 in Unarmed Combat
  9803 | D:8      | Reached skill level 4 in Hexes
  9803 | D:8      | Reached skill level 4 in Summonings
  9803 | D:8      | Reached skill level 4 in Necromancy
  9803 | D:8      | Reached skill level 4 in Translocations
  9803 | D:8      | Reached skill level 4 in Transmutations
  9803 | D:8      | Reached skill level 4 in Fire Magic
  9803 | D:8      | Reached skill level 4 in Ice Magic
  9803 | D:8      | Reached skill level 4 in Air Magic
  9803 | D:8      | Reached skill level 4 in Earth Magic
  9803 | D:8      | Reached skill level 4 in Poison Magic
  9803 | D:8      | Reached skill level 5 in Evocations
  9803 | D:8      | Reached XP level 10. HP: 55/74 MP: 7/20
  9875 | D:8      | Noticed a tengu warrior
  9890 | D:8      | HP: 7/74 [tengu warrior/+0 great sword (6)]
  9891 | D:8      | HP: 1/74 [tengu warrior/+0 great sword (7)]
  9892 | D:8      | Slain by a tengu warrior

Vanquished Creatures
  A manticore (D:8)
  Grinder (D:3)
  Prince Ribbit (D:5)
  3 yaks (D:7)
  An acid dragon (D:6)
  A water moccasin (D:8)
  An orc warrior (D:5)
  A sky beast (D:7)
  A black bear (D:6)
  An ogre (D:7)
  A phantom (D:7)
  A bullfrog (D:7)
  6 wights (D:7)
  2 howler monkeys
  2 hounds
  5 orc priests
  A gnoll bouda (D:4)
  2 jellies
  3 iguanas
  8 orc wizards
  Natasha (thrice) (D:3)
  Robin (D:4)
  7 gnolls (D:4)
  11 adders
  A shadow imp (D:6)
  2 ufetubi
  2 worms (D:3)
  2 dart slugs (D:2)
  24 orcs
  10 endoplasms
  5 giant cockroaches
  15 goblins
  8 hobgoblins
  2 jackals (D:2)
  6 kobolds
  7 quokkas
  7 ball pythons
  7 bats
  4 frilled lizards
  8 rats
175 creatures vanquished.

Vanquished Creatures (others)
  2 fulminant prisms (D:3)
2 creatures vanquished.

Grand Total: 177 creatures vanquished
